 Dungeon Crawl Stone Soup version 0.20.1-1-g8b1a95d (console) character file.

35 bli the Caller (level 3, -3/26 HPs)
             Began as a Merfolk Summoner on Aug 9, 2017.
             Slain by an ooze (4 damage)
             ... on level 1 of the Dungeon.
             The game lasted 00:04:01 (1338 turns).

bli the Caller (Merfolk Summoner)                   Turns: 1338, Time: 00:04:02

Health: -3/26      AC:  2    Str:  8    XL:     3   Next: 35%
Magic:  4/6        EV: 14    Int: 14    God:
Gold:   78         SH:  0    Dex: 15    Spells: 3/6 levels left

rFire    . . .     SeeInvis .   d - -2 short sword (curse)
rCold    . . .     Gourm    .   (no shield)
rNeg     . . .     Faith    .   a - +0 robe
rPois    .         Spirit   .   (no helmet)
rElec    .         Reflect  .   (no cloak)
rCorr    .         Harm     .   (no gloves)
MR       .....                  (no boots)
Stlth    ++........             (no amulet)
Regen    0.1/turn               (no ring)
MPRegen  0.1/turn               (no ring)

@: no status effects
A: change form in water, swift swim, stealthy swim
a: no special abilities


You were on level 1 of the Dungeon.
You were not hungry.

You visited 1 branch of the dungeon, and saw 2 of its levels.

You collected 78 gold pieces.

Inventory:

Hand Weapons
 d - a cursed -2 short sword (weapon)
 f - a +0 dagger
Missiles
 e - 28 stones (quivered)
Armour
 a - a +0 robe (worn)
Scrolls
 h - a scroll of identify {unknown}
 i - a scroll of remove curse {unknown}
Books
 b - a book of Callings

   Spells                             Type                      Level
   a - Summon Small Mammal            Summoning                    1
   b - Call Imp                       Summoning                    2
   c - Call Canine Familiar           Summoning                    3
   d - Summon Guardian Golem          Hexes/Summoning              3
   e - Summon Lightning Spire         Summoning/Air                4
   f - Summon Ice Beast               Ice/Summoning                4
Comestibles
 c - a bread ration
 g - 7 chunks of flesh


   Skills:
 * Level 1.4 Fighting
 * Level 3.6 Dodging
 + Level 2.6 Stealth
 + Level 2.2 Spellcasting
 - Level 4.0 Summonings


You had 3 spell levels left.
You knew the following spells:

 Your Spells              Type           Power        Failure   Level  Hunger
a - Summon Small Mammal   Summ           ##..         4%          1    #......
b - Call Imp              Summ           ##......     7%          2    ###....


Dungeon Overview and Level Annotations

Branches:
Dungeon (2/15)

Altars:
Xom


Message History

Your bat barely misses the gnoll.
The gnoll hits your bat with a flail.
Your bat dies!
Your bat's corpse disappears in a puff of smoke!
Your rat bites the gnoll but does no damage.
You closely miss the gnoll.
The gnoll is almost dead.
Your rat bites the gnoll but does no damage.
The gnoll barely misses you. The ooze closely misses you.
You closely miss the gnoll.
The gnoll is almost dead.
Your rat barely misses the gnoll.
The ooze closely misses you. The gnoll hits you with a flail.
* * * LOW HITPOINT WARNING * * *
Casting: Summon Small Mammal
Confirm with . or Enter, or press ? or * to list all spells.
Your rat barely misses the gnoll.
The ooze barely misses you. The gnoll hits you with a flail.
* * * LOW HITPOINT WARNING * * *
Your rat bites the gnoll.
The gnoll dies!
The ooze hits you.
You die...

####### #.....###
#.#.....# #.##...###
### #.####...#### #..
#.# ###....####.
######.# ####......
#...r@J# ###..##.####
#.#.##.####..##.###
#...##r)...######
#..###...### ##
#........# ###.
#.....รท.## ###...
#......## ###.....
#.####.# ####.......
##.# #.# ###.......#..
#..####.###...<..###...
#.......##......###....


You could see an ooze, a friendly quokka and a friendly rat.

Vanquished Creatures
  An ooze (D:1)
  2 leopard geckos (D:1)
  2 kobolds (D:1)
  A bat (D:1)
  2 frilled lizards (D:1)
  2 goblins (D:1)
10 creatures vanquished.

Vanquished Creatures (collateral kills)
  A gnoll (D:1)
  A dart slug (D:1)
  2 leopard geckos (D:1)
  2 bats (D:1)
  4 goblins (D:1)
  2 kobolds (D:1)
  A rat (D:1)
13 creatures vanquished.

Grand Total: 23 creatures vanquished

Notes
Turn   | Place    | Note
-------+----------+-------------------------------------------
     0 | D:1      | bli the Merfolk Summoner began the quest for the Orb.
     0 | D:1      | Reached XP level 1. HP: 13/13 MP: 3/3
   218 | D:1      | Reached XP level 2. HP: 16/20 MP: 1/5
   287 | D:1      | Reached skill level 1 in Fighting
   573 | D:1      | Found a shimmering altar of Xom.
   723 | D:1      | Learned a level 2 spell: Call Imp
  1057 | D:1      | Reached XP level 3. HP: 9/26 MP: 4/6
  1337 | D:1      | HP: 1/26 [gnoll/flail (6)]
  1338 | D:1      | Slain by an ooze

Skill      XL: |  1  2 |
---------------+-------+-----
Dodging        | 3 |  3.6
Fighting       | 1 |  1.4
Stealth        | |  2.6
Spellcasting   | |  2.2
Summonings     | |  4.0

Action                   || total
-------------------------++-------
Melee: Short sword       ||    91
 Cast: Summon Small Mamm ||    22
 Stab: Sleeping          ||     3
  Eat: Chunk             ||     2
Armor: Robe              ||    16
Dodge: Dodged            ||    86
